 Dungeon Crawl Stone Soup version 0.28.0-43-g3370ac3207 (webtiles) character file.

Game seed: 15023596571942985316

506 crimpus the Skirmisher (level 6, -6/60 HPs)
             Began as a Minotaur Abyssal Knight on Mar 27, 2022.
             Was a Believer of Lugonu.
             Mangled by an orc warrior
             ... wielding a +0 flail
              (8 damage)
             ... on level 6 of the Dungeon.
             The game lasted 00:06:23 (5987 turns).

crimpus the Skirmisher (Minotaur Abyssal Knight)    Turns: 5987, Time: 00:06:23

Health: -6/60      AC: 16    Str: 19    XL:     6   Next: 97%
Magic:  4/6        EV:  8    Int:  7    God:    Lugonu [**....]
Gold:   178        SH:  0    Dex: 11    Spells: 5/5 levels left

rFire   . . .      SeeInvis .   k - +3 quarterstaff (chaos)
rCold   . . .      Faith    .   (shield currently unavailable)
rNeg    . . .      Spirit   .   i - +0 chain mail
rPois   .          Reflect  .   (helmet restricted)
rElec   .          Harm     .   l - +0 cloak
rCorr   .          Rampage  .   (no gloves)
Will    +....                   f - +0 pair of boots
Stlth   ..........              o - amulet of the acrobat
HPRegen 0.20/turn               c - ring of willpower
MPRegen 0.10/turn               p - +4 ring of protection

@: no status effects
A: horns 2, retaliatory headbutt
a: Renounce Religion, Depart the Abyss, Bend Space


You were on level 6 of the Dungeon.
You worshipped Lugonu.
Lugonu was pleased with you.
You visited 1 branch of the dungeon, and saw 7 of its levels.
You visited the Abyss 1 time.

You collected 178 gold pieces.

Inventory:

Hand Weapons
 a - a +1 hand axe
 d - a +0 war axe
 k - a +3 quarterstaff of chaos (weapon)
Armour
 f - a +0 pair of boots (worn)
 i - a +0 chain mail (worn)
 l - a +0 cloak (worn)
Jewellery
 c - a ring of willpower (left hand)
 o - an amulet of the acrobat (around neck)
 p - a +4 ring of protection (right hand)
Wands
 g - a wand of charming (7)
 h - a wand of flame (6)
Scrolls
 e - 3 scrolls of identify
 n - a scroll of enchant armour {unknown}


   Skills:
 * Level 7.2 Fighting
 - Level 2.4 Axes
 - Level 0.3 Staves
 * Level 5.1 Armour
 - Level 3.0 Dodging
 * Level 2.6 Invocations


You had 5 spell levels left.
You didn't know any spells.
Your spell library contained the following spells:

 Spells                   Type           Power      Damage    Failure   Level
 Magic Dart               Conj           0%         1d3       99%         1
 Pain                     Necr           0%         1d4       99%         1
 Call Imp                 Summ           0%         N/A       100%        2
 Ignite Poison            Fire/Tmut/Pois 0%         N/A       100%        3
 Mephitic Cloud           Conj/Pois/Air  0%         N/A       100%        3
 Agony                    Necr           0%         N/A       100%        5
 Excruciating Wounds      Necr           0%         N/A       100%        5
 Freezing Cloud           Conj/Ice/Air   0%         6-21      100%        5
 Conjure Ball Lightning   Conj/Air       0%         3x3d6     100%        6
 Discord                  Hex            0%         N/A       100%        8
 Disjunction              Tloc           0%         N/A       100%        8


Dungeon Overview and Level Annotations

Branches:
Dungeon (7/15)             Temple (0/1) D:4

Altars:
Gozag
Nemelex Xobeh
Wu Jian

Annotations:
D:4 2 runed translucent doors, adizb's ghost, amateur TrMo


Innate Abilities, Weirdness & Mutations

You have a pair of horns on your head.
You reflexively headbutt those who attack you in melee.


Message History

As you open the door, it creaks loudly!
You hear a bellow! x4
A yak comes into view.
The orc warrior hits you but does no damage.
A yak comes into view.
The orc hits you but does no damage.
Found a stone staircase leading up.
There is an open door here.
Found 14 gold pieces.
There is a stone staircase leading up here.
The orc warrior closely misses you. You furiously retaliate!
You headbutt the orc warrior!
You climb upwards.
You hear the sound of rushing water.
There is an entrance to a sewer on this level.
Hurry and find it before the portal rusts away!
There is a stone staircase leading down here.
Space bends around you!
You blink.
As you read the scroll labelled RAWELUKLUHOA, it crumbles to dust.
You speak a Word of immense power!
It was a scroll of holy word.
You completely miss the orc warrior. Your headbutt misses the orc warrior.
The orc warrior is moderately wounded.
The orc warrior hits you but does no damage.
The orc warrior hits you with a +0 flail!
* * * LOW HITPOINT WARNING * * *
Space bends around you!
You blink.
It was a potion of attraction.
You feel attractive to monsters.
The orc warrior is attracted toward you.
Okay, then.
It was a potion of brilliance.
You feel clever all of a sudden. The orc warrior closely misses you.
It was a potion of cancellation.
Your magical effects are unravelling.
You feel magically purged.
You feel a little less clever now. The orc warrior closely misses you.
You feel less attractive to monsters.
You thump the orc warrior! You freeze the orc warrior.
The orc warrior is severely wounded.
The orc warrior hits you with a +0 flail!
You die...

..# ..
... . #.#
.# #.##.#
#.#..#
#.#.### #
#.....#.#
#@o§....#
#.....###
#.....#
#>....#
#######


You could see an orc warrior.

Vanquished Creatures
  Sigmund (D:2)
  A hound (D:4)
  A bullfrog skeleton (D:5)
  An orc priest (D:4)
  Crazy Yiuf (D:2)
  2 iguanas
  An orc wizard (D:3)
  4 gnolls (D:3)
  4 adders
  An adder skeleton (D:4)
  A worm (D:2)
  A dart slug (D:3)
  6 orcs
  5 bats
  5 endoplasms
  3 giant cockroaches
  6 goblins
  4 hobgoblins
  4 jackals (D:1)
  2 quokkas
  3 ball pythons
  3 frilled lizards (D:2)
  9 kobolds
  4 rats
73 creatures vanquished.

Vanquished Creatures (others)
  4 fungi (D:5)
  5 plants (D:4)
9 creatures vanquished.

Grand Total: 82 creatures vanquished

Notes
Turn   | Place    | Note
-------+----------+-------------------------------------------
     0 | Abyss:1  | crimpus the Minotaur Abyssal Knight began the quest for the
                  | Orb.
     0 | Abyss:1  | Reached XP level 1. HP: 19/19 MP: 1/1
    36 | Abyss:1  | Noticed an ancient zyme
    37 | D:1      | Escaped the Abyss
   221 | D:1      | Reached * piety under Lugonu
   222 | D:1      | Reached skill level 4 in Fighting
   229 | D:1      | Reached XP level 2. HP: 14/27 MP: 2/2
   860 | D:2      | Reached XP level 3. HP: 34/34 MP: 3/3
  1379 | D:2      | Reached skill level 5 in Fighting
  1413 | D:2      | Found a runed translucent door.
  1414 | D:2      | Noticed Crazy Yiuf
  1460 | D:2      | Noticed Sigmund
  1515 | D:2      | Found an opulent altar of Gozag.
  2424 | D:3      | Reached ** piety under Lugonu
  2678 | D:4      | Reached XP level 4. HP: 27/42 MP: 4/4
  3461 | D:4      | Reached XP level 5. HP: 27/50 MP: 5/5
  3963 | D:3      | Found an ornate altar of the Wu Jian Council.
  3967 | D:3      | Found a sparkling altar of Nemelex Xobeh.
  4012 | D:3      | Reached skill level 6 in Fighting
  4576 | D:2      | Killed Sigmund
  4577 | D:2      | Reached XP level 6. HP: 50/58 MP: 6/6
  4853 | D:2      | Killed Crazy Yiuf
  4854 | D:2      | Reached skill level 7 in Fighting
  5180 | D:4      | Found a runed translucent door.
  5181 | D:4      | Noticed adizb's ghost (amateur TrMo)
  5245 | D:4      | Found a runed translucent door.
  5437 | D:4      | Found a staircase to the Ecumenical Temple.
  5869 | D:5      | Entered Level 5 of the Dungeon
  5875 | D:5      | Reached skill level 5 in Armour
  5896 | D:5      | You fall into a shaft and drop 2 floors!
  5915 | D:7      | Noticed an orc warrior
  5967 | D:7      | Noticed a yak
  5972 | D:7      | Noticed a yak
  5972 | D:7      | Noticed a yak
  5982 | D:6      | HP: 3/60 [orc warrior/+0 flail (7)]
  5987 | D:6      | Mangled by an orc warrior

Illustrated notes

Levels and vault maps discovered:
D:1:      minmay_arrival_loop, layout_basic, grunt_decor_fettered
D:2:      layout_basic, basic_altar, uniq_sigmund, uniq_crazy_yiuf_cottage
D:3:      layout_loops_ring, minitemple
D:4:      wad_woods_pond, layout_basic, minmay_temple_entry_fiery,
          ebering_ghost_sewer_f, minmay_crystal_room
D:5:      layout_basic, nicolae_overflow_hallway_of_the_gods, serial_aquarium,
          aquarium_bridge_straight [aquarium_subvault_bridge,
          aquarium_subvault_window, aquarium_subvault_bridge,
          aquarium_subvault_window], aquarium_window_1, aquarium_window_double,
          aquarium_window_fake, aquarium_window_3, aquarium_view_2b,
          aquarium_balcony_5a, aquarium_pool_double
D:6:      layout_loops_cross, portal_sewer_entry_f
D:7:      layout_loops_corners

Skill      XL: |  1  2  3  4  5  6 |
---------------+-------------------+-----
Fighting       | 4 5 6 7 |  7.2
Invocations    | 2 |  2.6
Armour         | 3 4 5 |  5.1
Dodging        | 2 3 |  3.0
Axes           | |  2.4
Staves         | |  0.3

Action                   |  1- 3 |  4- 6 || total
-------------------------+-------+-------++-------
Melee: Hand axe          |    35 |       ||    35
       Headbutt          |    14 |     6 ||    20
       War axe           |    40 |    48 ||    88
       Punch             |       |     2 ||     2
       Quarterstaff      |       |    34 ||    34
Invok: Depart the Abyss  |     1 |       ||     1
       Bend Space        |       |     4 ||     4
  Use: Scroll            |     3 |     5 ||     8
       Potion            |     2 |     3 ||     5
 Stab: Petrified         |       |     2 ||     2
       Petrifying        |       |     1 ||     1
Armor: Leather armour    |    26 |     2 ||    28
       Skin              |    22 |       ||    22
       Chain mail        |       |    31 ||    31
       Scale mail        |       |     1 ||     1
Dodge: Dodged            |    60 |    46 ||   106
